 Dungeon Crawl Stone Soup version 0.21.1 (webtiles) character file.

253 garbagetei the Charmwright (level 6, -1/50 HPs)
             Began as a Gnoll Skald on Feb 2, 2018.
             Killed from afar by Dowan (13 damage)
             ... with a puff of frost
             ... on level 3 of the Dungeon.
             The game lasted 00:07:32 (2985 turns).

garbagetei the Charmwright (Gnoll Skald)            Turns: 2985, Time: 00:07:32

Health: -1/50      AC:  7    Str: 15    XL:     6   Next: 14%
Magic:  13/13      EV: 14    Int: 16    God:
Gold:   169        SH:  0    Dex: 14    Spells: 10/15 levels left

rFire    + . .     SeeInvis .   a - +0 mace
rCold    x . .     Gourm    .   (no shield)
rNeg     . . .     Faith    .   b - +0 leather armour
rPois    .         Spirit   .   x - +2 helmet
rElec    .         Reflect  .   n - +0 cloak
rCorr    .         Harm     .   (no gloves)
MR       .....                  (no boots)
Stlth    ++........             i - amulet of magic regeneration
HPRegen  0.16/turn              z - ring of fire
MPRegen  0.38/turn              (no ring)

@: no status effects
A: distributed training, fangs 1, strong nose
a: no special abilities


You were on level 3 of the Dungeon.
You were not hungry.

You visited 1 branch of the dungeon, and saw 4 of its levels.

You collected 169 gold pieces.

Inventory:

Hand Weapons
 a - a +0 mace (weapon)
 o - a +1 hunting sling of flaming
 r - a +0 morningstar
 A - a +0 flail
Missiles
 k - 43 bolts
 v - 58 stones (quivered)
Armour
 b - a +0 leather armour (worn)
 n - a +0 cloak (worn)
 t - a +1 chain mail of positive energy
 x - a +2 helmet (worn)
Jewellery
 i - an amulet of magic regeneration (around neck)
 z - a ring of fire (left hand)
Wands
 q - a wand of paralysis (5)
Scrolls
 h - a scroll of amnesia {unknown}
 j - 3 scrolls of immolation {unknown}
 s - 7 scrolls of remove curse {unknown}
 u - 4 scrolls of identify {unknown}
 y - a scroll of teleportation {unknown}
 B - a scroll of noise {unknown}
Potions
 e - a potion of flight {unknown}
 f - 2 potions of curing
 g - 3 potions of berserk rage {unknown}
 l - a potion of magic {unknown}
 m - 2 potions of might {unknown}
 p - a potion of degeneration {unknown}
 w - 2 potions of brilliance {unknown}
Books
 c - a book of Battle

   Spells                             Type                      Level
   a - Infusion                       Charms                       1
   b - Shroud of Golubria             Charms/Translocation         2
   c - Song of Slaying                Charms                       2
   d - Spectral Weapon                Hexes/Charms                 3
   e - Regeneration                   Charms/Necromancy            3
Comestibles
 d - 6 rations


   Skills:
 + Level 4.9 Fighting
 + Level 1.8 Short Blades
 + Level 1.8 Long Blades
 + Level 1.8 Axes
 + Level 4.9 Maces & Flails
 + Level 1.8 Polearms
 + Level 1.8 Staves
 + Level 1.8 Slings
 + Level 1.8 Bows
 + Level 1.8 Crossbows
 + Level 1.8 Throwing
 + Level 3.1 Armour
 + Level 4.9 Dodging
 + Level 1.8 Stealth
 + Level 1.8 Shields
 + Level 1.8 Unarmed Combat
 + Level 5.3 Spellcasting
 + Level 1.4 Conjurations
 + Level 1.4 Hexes
 + Level 5.6 Charms
 + Level 1.4 Summonings
 + Level 1.4 Necromancy
 + Level 1.4 Translocations
 + Level 1.4 Transmutations
 + Level 1.4 Fire Magic
 + Level 1.4 Ice Magic
 + Level 1.4 Air Magic
 + Level 1.4 Earth Magic
 + Level 1.4 Poison Magic
 + Level 2.0 Invocations
 + Level 1.8 Evocations


You had 10 spell levels left.
You knew the following spells:

 Your Spells              Type           Power        Failure   Level  Hunger
a - Infusion              Chrm           ###.         1%          1    None
b - Song of Slaying       Chrm           ###.....     2%          2    #......
c - Shroud of Golubria    Chrm/Tloc      ###.......   6%          2    #......


Dungeon Overview and Level Annotations

Branches:
Dungeon (4/15)
 Temple: D:4-7

Altars:
Dithmenos
Nemelex Xobeh
The Shining One

Annotations:
D:2 Sigmund
D:3 Dowan, Duvessa


Innate Abilities, Weirdness & Mutations

Your experience applies equally to all skills.
You have very sharp teeth.
Your uncanny sense of smell can sniff out nearby items.


Message History

Duvessa hits you with a short sword.
You hit Dowan.
Dowan is severely wounded.
Duvessa barely misses you. Dowan hits you but does no damage.
You hit Duvessa but do no damage.
You are no longer glowing.
Duvessa hits you with a short sword! Dowan gestures at you while chanting.
The puff of frost hits you!
You feel a terrible chill! Duvessa closely misses you.
Dowan hits you with a dagger.
* * * LOW HITPOINT WARNING * * *
Duvessa hits you with a short sword.
* * * LOW HITPOINT WARNING * * *
Duvessa barely misses you. Dowan hits you with a dagger.
* * * LOW HITPOINT WARNING * * *
You climb upwards.
There is a stone staircase leading down here.
Dowan points at you and mumbles some strange words.
The puff of frost hits you!
You feel a terrible chill!
You die...

#.......##.####...### #
####.......##.#....###
#... ...........##...####
#.## ....#......)..### <.
# ....#.....###.## #. #
...........##..#### #... #
............##....###...#
# .............####.....#
# ................@e.####
## .........####..##>## #.
....####.#####..#e# ##.
....#
#.....##...########## ##..
#####
#####<.##...........###..#
##..##..#######.##..##
##.###.# #.....#
#.###.#########...#
#..##....>......#...


You could see Duvessa and Dowan.

Vanquished Creatures
  A scorpion (D:3)
  A crimson imp (D:4)
  An orc priest (D:3)
  Robin (D:3)
  5 adders
  An ooze (D:3)
  A worm (D:4)
  4 dart slugs
  2 leopard geckos (D:1)
  6 orcs
  A ball python (D:3)
  3 bats
  15 goblins
  9 hobgoblins
  2 quokkas
  6 kobolds
  A leopard gecko skeleton (D:4)
  7 rats
67 creatures vanquished.

Notes
Turn   | Place    | Note
-------+----------+-------------------------------------------
     0 | D:1      | garbagetei the Gnoll Skald began the quest for the Orb.
     0 | D:1      | Reached XP level 1. HP: 20/20 MP: 6/6
   163 | D:1      | Reached XP level 2. HP: 25/26 MP: 7/7
   728 | D:1      | Reached XP level 3. HP: 31/31 MP: 9/9
   738 | D:2      | Reached skill level 5 in Spellcasting
   753 | D:1      | Learned a level 2 spell: Song of Slaying
   756 | D:1      | Learned a level 2 spell: Shroud of Golubria
   831 | D:2      | Reached skill level 1 in Invocations
  1040 | D:2      | Noticed Sigmund
  1110 | D:2      | Found a glowing golden altar of the Shining One.
  1168 | D:2      | Reached skill level 1 in Short Blades
  1168 | D:2      | Reached skill level 1 in Long Blades
  1168 | D:2      | Reached skill level 1 in Axes
  1168 | D:2      | Reached skill level 1 in Polearms
  1168 | D:2      | Reached skill level 1 in Staves
  1168 | D:2      | Reached skill level 1 in Slings
  1168 | D:2      | Reached skill level 1 in Bows
  1168 | D:2      | Reached skill level 1 in Crossbows
  1168 | D:2      | Reached skill level 1 in Throwing
  1168 | D:2      | Reached skill level 1 in Stealth
  1168 | D:2      | Reached skill level 1 in Shields
  1168 | D:2      | Reached skill level 1 in Unarmed Combat
  1168 | D:2      | Reached skill level 1 in Evocations
  1297 | D:2      | Reached XP level 4. HP: 38/38 MP: 11/11
  1477 | D:3      | Found a sparkling altar of Nemelex Xobeh.
  1479 | D:3      | Found a shadowy altar of Dithmenos.
  1493 | D:3      | Reached skill level 1 in Conjurations
  1493 | D:3      | Reached skill level 1 in Hexes
  1493 | D:3      | Reached skill level 1 in Summonings
  1493 | D:3      | Reached skill level 1 in Necromancy
  1493 | D:3      | Reached skill level 1 in Translocations
  1493 | D:3      | Reached skill level 1 in Transmutations
  1493 | D:3      | Reached skill level 1 in Fire Magic
  1493 | D:3      | Reached skill level 1 in Ice Magic
  1493 | D:3      | Reached skill level 1 in Air Magic
  1493 | D:3      | Reached skill level 1 in Earth Magic
  1493 | D:3      | Reached skill level 1 in Poison Magic
  1505 | D:3      | Reached XP level 5. HP: 12/43 MP: 9/12
  2065 | D:3      | Noticed Robin
  2082 | D:3      | Killed Robin
  2405 | D:4      | Reached XP level 6. HP: 43/50 MP: 13/13
  2937 | D:4      | Noticed Dowan
  2940 | D:4      | Noticed Duvessa
  2985 | D:3      | Killed from afar by Dowan

Skill      XL: |  1  2  3  4  5 |
---------------+----------------+-----
Spellcasting   | 5 |  5.3
Invocations    | 1 2 |  2.0
Short Blades   | 1 |  1.8
Long Blades    | 1 |  1.8
Axes           | 1 |  1.8
Polearms       | 1 |  1.8
Staves         | 1 |  1.8
Slings         | 1 |  1.8
Bows           | 1 |  1.8
Crossbows      | 1 |  1.8
Throwing       | 1 |  1.8
Stealth        | 1 |  1.8
Shields        | 1 |  1.8
Unarmed Combat | 1 |  1.8
Evocations     | 1 |  1.8
Conjurations   | 1 |  1.4
Hexes          | 1 |  1.4
Summonings     | 1 |  1.4
Necromancy     | 1 |  1.4
Translocations | 1 |  1.4
Transmutations | 1 |  1.4
Fire Magic     | 1 |  1.4
Ice Magic      | 1 |  1.4
Air Magic      | 1 |  1.4
Earth Magic    | 1 |  1.4
Poison Magic   | 1 |  1.4
Armour         | 3 |  3.1
Fighting       | |  4.9
Maces & Flails | |  4.9
Dodging        | |  4.9
Charms         | |  5.6

Action                   |  1- 3 |  4- 6 || total
-------------------------+-------+-------++-------
Melee: Mace              |    87 |   130 ||   217
       Bite              |    15 |     9 ||    24
       Punch             |       |     1 ||     1
 Fire: Hunting sling     |       |     3 ||     3
 Cast: Shroud of Golubri |     3 |     1 ||     4
       Infusion          |     1 |     5 ||     6
       Song of Slaying   |       |     2 ||     2
  Use: Potion            |       |     2 ||     2
 Stab: Sleeping          |       |     1 ||     1
  Eat: Chunk             |     1 |     3 ||     4
       Ration            |       |     1 ||     1
Armor: Leather armour    |    32 |    40 ||    72
Dodge: Dodged            |    93 |    90 ||   183
